Map: Ever Dream LE

Players

Armani - Winner!

  • Race: Zerg Zerg
  • Spawn Location: 1:00

Reynor

  • Race: Zerg Zerg
  • Spawn Location: 7:00

Event: StayAtHomestory Cup #2

VOD

Have the link to the VOD?

Description

Time

  • Played on: June 11, 2020, 12:44 p.m.
  • Length: 3:16

All games in this series

Show
View Real Time Build Order
Export as new Build Order

Armani Zerg - Winner!

Build Orders: Pool Only 

Get SALT Encoding   

  12  0:17  Spawning Pool  
  11  0:22  Drone  
  11  0:26  Drone  
  13  0:30  Drone  
  14  0:40  Overlord  
  14  1:05  Zergling x6  
  17  1:16  Zergling x2  
  18  1:27  Zergling x2  
  19  1:37  Zergling x2  
  20  1:50  Zergling x2  
  21  2:03  Zergling x2  
  21  2:07  Spine Crawler  
  21  2:09  Spine Crawler  
  21  2:14  Spine Crawler  
  19  2:17  Zergling x2  
  12  2:32  Zergling x2  
  12  2:51  Zergling x2  
Show
View Real Time Build Order
Export as new Build Order

Reynor Zerg 

Build Orders: Hatch First 

Get SALT Encoding   

  12  0:00  Drone  
  13  0:12  Overlord  
  13  0:17  Drone  
  14  0:30  Drone  
  14  0:31  Drone  
  16  0:47  Hatchery  
  15  0:50  Drone  
  15  0:53  Drone  
  17  0:57  Drone  
  18  1:07  Extractor  
  17  1:12  Spawning Pool  
  17  1:15  Drone  
  17  1:18  Drone  
  18  1:28  Drone  
  20  1:40  Hatchery  
  20  1:41  Evolution Chamber  
  20  1:45  Evolution Chamber  
  19  1:54  Hatchery  
  19  1:55  Evolution Chamber  
  19  1:59  Zergling x4  
  19  2:01  Zergling x2  
  20  2:03  Spine Crawler  
  20  2:05  Queen  
  24  2:12  Overlord  
  16  2:25  Zergling x2  
  7  2:32  Zergling x2  
  9  2:41  Spine Crawler  
  7  2:45  Zergling x2  
  8  2:54  Zergling x2  
Tags
 
Add a new tag
Caveats
  • Supply blocks, unpowered buildings, or Contaminate may cause inaccurate times.
  • Supply counts are checked every 10 seconds.